 Dungeon Crawl Stone Soup version 0.26-a0-30-g56b8cd3df0 (webtiles) character file.

Game seed: 904175089082816773, levelgen mode: deterministic

1162 MisterFreud the Nimble (level 8, -5/54 HPs)
             Began as an Octopode Gladiator on June 2, 2020.
             Was a Believer of Cheibriados.
             Slain by a troll (7 damage)
             ... on level 5 of the Dungeon.
             The game lasted 00:06:05 (4495 turns).

MisterFreud the Nimble (Octopode Gladiator)         Turns: 4495, Time: 00:06:05

Health: -5/54      AC:  1    Str: 24    XL:     8   Next: 39%
Magic:  17/17      EV: 19    Int: 17    God:    Cheibriados [**....]
Gold:   211        SH:  0    Dex: 19    Spells: 7/7 levels left

rFire    . . .     SeeInvis .   a - +0 long sword
rCold    . . .     Gourm    .   (no shield)
rNeg     . . .     Faith    .   b - +0 hat
rPois    .         Spirit   .   (no amulet)
rElec    .         Reflect  .   p - +6 ring of strength
rCorr    .         Harm     .   l - ring of magical power
MR       .....                  (no ring)
Stlth    +++.......             (no ring)
HPRegen  0.18/turn              (no ring)
MPRegen  0.15/turn              (no ring)
                                (no ring)
                                (no ring)

@: very slow
A: almost no armour, stealthy swim, amphibious, 8 rings, constrict 8, camouflage
1, gelatinous body 1
a: Bend Time, Renounce Religion


You were on level 5 of the Dungeon.
You worshipped Cheibriados.
Cheibriados was pleased with you.
You were not hungry.

You visited 1 branch of the dungeon, and saw 5 of its levels.

You collected 211 gold pieces.

Inventory:

Hand Weapons
 a - a +0 long sword (weapon)
Missiles
 c - 3 throwing nets
 h - 5 boomerangs (quivered)
 x - 23 poisoned darts
Armour
 b - a +0 hat (worn)
Jewellery
 l - a ring of magical power (right tentacle)
 p - a +6 ring of strength (left tentacle)
Wands
 y - a wand of polymorph (2)
 C - a wand of flame (11)
Scrolls
 e - 2 scrolls of identify
 i - a scroll of enchant weapon {unknown}
 j - 2 scrolls of amnesia {unknown}
 k - 7 scrolls of remove curse
 o - 3 scrolls of random uselessness
 q - a scroll of fog {unknown}
 s - a scroll of teleportation {unknown}
 t - a scroll of blinking {unknown}
 v - a scroll of noise {unknown}
 z - a scroll of immolation {unknown}
Potions
 f - 2 potions of lignification {unknown}
 g - 3 potions of flight {unknown}
 m - a potion of resistance {unknown}
 n - a potion of berserk rage {unknown}
 u - 2 potions of curing {unknown}
 w - 2 potions of stabbing {unknown}
 A - a potion of haste {unknown}
 B - 2 potions of brilliance {unknown}
Comestibles
 d - 12 rations


   Skills:
 - Level 4.0 Fighting
 - Level 6.0 Long Blades
 - Level 2.0 Throwing
 - Level 8.0 Dodging
 + Level 0.8 Invocations


You had 7 spell levels left.
You didn't know any spells.
Your spell library contained the following spells:

 Spells                   Type           Power        Failure   Level  Hunger
 Magic Dart               Conj           #...         24%         1    ##.....
 Blink                    Tloc           N/A          34%         2    ###....
 Call Imp                 Summ           #.......     34%         2    ###....
 Slow                     Hex            #.......     34%         2    ###....
 Conjure Flame            Conj/Fire      #.......     56%         3    ####...
 Mephitic Cloud           Conj/Pois/Air  #.......     56%         3    ####...


Dungeon Overview and Level Annotations

Branches:
Dungeon (5/15)             Temple (0/1) D:4

Altars:
Ashenzari
Cheibriados
Fedhas
Kikubaaqudgha
Xom
Zin

Annotations:
D:5 4 runed translucent doors


Innate Abilities, Weirdness & Mutations

You cannot wear most types of armour.
You are very stealthy in the water. (Stealth+)
You are amphibious.
You can wear up to eight rings at the same time.
You can use your tentacles to constrict eight enemies at once.
Your skin changes colour to match your surroundings (Stealth+).
Your rubbery body absorbs attacks. (AC +1, EV +1)


Message History

The troll is lightly wounded.
The troll bites you! The troll closely misses you. The troll claws you!
* * * LOW HITPOINT WARNING * * *
You are too injured to fight recklessly!
Unknown command.
Evoke which item? (* to show all) (? for menu, Esc to quit)
Aiming: Polymorph
Press: ? - help, Shift-Dir - straight line, f/p - troll
Aim: a troll (chance to defeat MR: 46%)
The troll resists with some effort.
The troll bites you!
* * * LOW HITPOINT WARNING * * *
The troll misses you. The troll closely misses you.
Okay, then.
Unknown command.
Unknown command.
As you read the scroll labeled VANADUROTZ, it crumbles to dust.
It is a scroll of identify.
o - 3 scrolls of random uselessness The troll bites you!
You die...

... ....# #†###.# #.
++##.+ #)# #.# 8.. ###
#.# #.# .#8.. ##.###.#
.#". #.).##.# .#%.G
#####.(....# #8..
...##÷###.# #8..
#######T.#)###.#
..##++##...#.##@#.....#
#..).....#÷)#(#.#..####
.........#.####.#..#
########.##....##..#
#..######...#
##..........#
#######...## #####


You could see a troll.

Vanquished Creatures
  Pikel (D:5)
  2 sky beasts (D:5)
  A slave (D:5)
  2 ogres
  A scorpion (D:4)
  A crimson imp (D:5)
  A centaur zombie (D:4)
  2 jellies
  2 orc wizards
  An iguana (D:4)
  A worker ant (D:4)
  A hound zombie (D:5)
  3 adders
  A worm (D:5)
  A dart slug (D:1)
  9 leopard geckos
  12 orcs
  2 ball pythons
  9 giant cockroaches
  7 goblins
  7 hobgoblins
  9 jackals
  5 quokkas
  7 bats
  3 frilled lizards
  7 kobolds
  A leopard gecko skeleton (D:4)
  5 rats
104 creatures vanquished.

Vanquished Creatures (others)
  A sky beast (D:5)
  2 slaves (D:5)
  A hound (D:5)
  5 orcs (D:5)
  A quokka (D:5)
10 creatures vanquished.

Grand Total: 114 creatures vanquished

Notes
Turn   | Place    | Note
-------+----------+-------------------------------------------
     0 | D:1      | MisterFreud the Octopode Gladiator began the quest for the
                  | Orb.
     0 | D:1      | Reached XP level 1. HP: 14/14 MP: 1/1
    38 | D:1      | Reached XP level 2. HP: 20/20 MP: 2/2
   727 | D:1      | Reached XP level 3. HP: 26/26 MP: 3/3
  1283 | D:2      | Found a shattered altar of Ashenzari.
  1592 | D:2      | Found a blossoming altar of Fedhas.
  1701 | D:2      | Found a snail-covered altar of Cheibriados.
  1942 | D:2      | Became a worshipper of Cheibriados the Contemplative
  2033 | D:2      | Reached XP level 4. HP: 28/33 MP: 4/4
  2112 | D:2      | Found a sacrificial altar of Ru.
  2114 | D:2      | Found an ancient bone altar of Kikubaaqudgha.
  2114 | D:2      | Found a glowing silver altar of Zin.
  2119 | D:2      | Found a hide-covered altar of Uskayaw.
  2119 | D:2      | Found a shimmering altar of Xom.
  2119 | D:2      | Found a snail-covered altar of Cheibriados.
  2631 | D:3      | Reached * piety under Cheibriados
  2631 | D:3      | Reached XP level 5. HP: 21/37 MP: 5/5
  3252 | D:4      | Reached skill level 5 in Long Blades
  3272 | D:4      | Noticed an ogre
  3278 | D:4      | Killed an ogre
  3278 | D:4      | Reached XP level 6. HP: 43/43 MP: 6/6
  3423 | D:4      | Reached ** piety under Cheibriados
  3423 | D:4      | Reached skill level 4 in Dodging
  3578 | D:4      | Found a staircase to the Ecumenical Temple.
  3693 | D:5      | Entered Level 5 of the Dungeon
  3779 | D:5      | Reached XP level 7. HP: 48/48 MP: 7/7
  3818 | D:5      | Found a large runed translucent door.
  3819 | D:5      | Found a large runed translucent door.
  3828 | D:5      | Noticed Pikel
  3839 | D:5      | Killed Pikel
  3839 | D:5      | Reached skill level 7 in Dodging
  3839 | D:5      | Reached XP level 8. HP: 29/54 MP: 8/8
  4208 | D:5      | Found a large runed translucent door.
  4208 | D:5      | Found a large runed translucent door.
  4333 | D:5      | Reached skill level 8 in Dodging
  4490 | D:5      | Noticed a troll
  4494 | D:5      | HP: 2/54 [troll (10)]
  4495 | D:5      | Slain by a troll

Illustrated notes

Levels and vault maps discovered:
D:1:      tarquinn_simple_flora_water_e, layout_basic, st_stairs_9,
          chequers_serial_rivers_small_a, minmay_misc_feat_diagonals
D:2:      layout_loops_ring, evilmike_ruin_ashenzari, overflow_temple_1_default,
          marbit_many_paths, doesnt_xom_only_xom
D:3:      layout_rooms
D:4:      layout_rooms, minmay_temple_entry_butterflies
D:5:      layout_loops_ring, first_ration, minmay_hollow_rounded_squares,
          uniq_grinder, uniq_pikel

Skill      XL: |  1  2  3  4  5  6  7  8 |
---------------+-------------------------+-----
Fighting       | 3 4 |  4.0
Long Blades    | 4 6 |  6.0
Dodging        | 4 7 8 |  8.0
Throwing       | |  2.0
Invocations    | |  0.8

Action                   |  1- 3 |  4- 6 |  7- 9 || total
-------------------------+-------+-------+-------++-------
Melee: Long sword        |    87 |    62 |    42 ||   191
       Constrict         |    23 |    25 |     5 ||    53
       Tentacles         |    13 |    23 |    13 ||    49
Throw: Boomerang         |       |    27 |     2 ||    29
Evoke: Wand              |       |       |     3 ||     3
  Use: Scroll            |     1 |       |     1 ||     2
 Stab: Sleeping          |     3 |     1 |     3 ||     7
  Eat: Chunk             |     3 |     4 |     1 ||     8
Armor: Skin              |     8 |     3 |     3 ||    14
Dodge: Dodged            |    68 |    73 |    34 ||   175
       Rpst.: Long sword |    16 |    21 |     5 ||    42

Table legend:
 A = Non-vault XP
 B = Vault XP
 C = Vault XP percentage of total XP
 D = Non-vault monster count
 E = Vault monster count
 F = Vault count percentage of total count
                 A         B        C        D         E       F
            +---------+---------+-------+---------+---------+-------
      Total |     725 |     935 |  56.3 |      93 |      10 |   9.7
            +---------+---------+-------+---------+---------+-------
        D:1 |      31 |       3 |   8.8 |      18 |       2 |  10.0
        D:2 |      51 |       2 |   3.8 |      26 |       1 |   3.7
        D:3 |     110 |       0 |   0.0 |      27 |       0 |   0.0
        D:4 |     410 |       0 |   0.0 |      16 |       0 |   0.0
        D:5 |     123 |     930 |  88.3 |       6 |       7 |  53.8
            +---------+---------+-------+---------+---------+-------
